 Dungeon Crawl Stone Soup version 0.27-a0-1139-g28e009f8a6 (webtiles) character file.

Game seed: 4807105738769109789

128 experimilk the Stinger (level 5, -5/29 HPs)
             Began as a Tengu Venom Mage on May 7, 2021.
             Slain by a killer bee zombie (7 damage)
             ... on level 4 of the Dungeon.
             The game lasted 00:17:52 (5047 turns).

experimilk the Stinger (Tengu Venom Mage)           Turns: 5047, Time: 00:17:53

Health: -5/29      AC:  2    Str:  8    XL:     5   Next: 12%
Magic:  17/18      EV: 15    Int: 16    God:
Gold:   133        SH:  0    Dex: 15    Spells: 0/8 levels left

rFire    . . .     SeeInvis .   f - staff of poison
rCold    . . .     Faith    .   (no shield)
rNeg     . . .     Spirit   .   a - +0 robe
rPois    +         Reflect  .   (helmet restricted)
rElec    .         Harm     .   (no cloak)
rCorr    .         Rampage  .   (no gloves)
Will     .....                  (boots unavailable)
Stlth    ++........             (no amulet)
HPRegen  0.09/turn              i - ring of magical power
MPRegen  0.16/turn              (no ring)

@: flying quickly and evasively, quick
A: beak, talons 3, nimble flight
a: no special abilities


You were on level 4 of the Dungeon.
You visited 1 branch of the dungeon, and saw 4 of its levels.

You collected 133 gold pieces.

Inventory:

Hand Weapons
 b - a +0 mace
 d - a +2 whip of venom
Armour
 a - a +0 robe (worn)
Magical Staves
 f - a staff of poison (weapon)
Jewellery
 i - a ring of magical power (left hand)
Scrolls
 e - 2 scrolls of identify
Potions
 c - a potion of berserk rage
 g - a potion of curing
 h - a potion of invisibility {unknown}
 j - a potion of flight {unknown}


   Skills:
 + Level 1.2 Fighting
 + Level 1.0 Staves
 + Level 2.6 Dodging
 + Level 2.5 Stealth
 + Level 2.4 Spellcasting
 + Level 1.0 Necromancy
 + Level 0.9 Transmutations
 * Level 1.8 Air Magic
 * Level 3.9 Poison Magic


You couldn't memorise any spells.
You knew the following spells:

 Your Spells              Type           Power      Damage    Failure   Level
a - Sting                 Tmut/Pois      56%        1d5       8%          1
b - Poisonous Vapours     Pois/Air       32%        N/A       9%          2
c - Corpse Rot            Necr/Air       N/A        N/A       17%         2
d - Mephitic Cloud        Conj/Pois/Air  12%        N/A       26%         3

Your spell library contained the following spells:

 Spells                   Type           Power      Damage    Failure   Level
 Sublimation of Blood     Necr           2%         N/A       21%         2
 Ignite Poison            Fire/Tmut/Pois 10%        N/A       30%         3
 Olgreb's Toxic Radiance  Pois           21%        N/A       36%         4
 Confusing Touch          Hex            1%         N/A       52%         3
 Gell's Gravitas          Tloc           0%         N/A       52%         3
 Dispel Undead            Necr           5%         3d7       78%         4
 Petrify                  Tmut/Erth      3%         N/A       85%         4
 Agony                    Necr           5%         N/A       98%         5
 Excruciating Wounds      Necr           2%         N/A       98%         5
 Metabolic Englaciation   Hex/Ice        0%         N/A       99%         5
 Yara's Violent Unravell  Hex/Tmut       1%         3d3       99%         5


Dungeon Overview and Level Annotations

Branches:
Dungeon (4/15)
 Temple: D:4-7

Altars:
Fedhas

Shops:
D:2 [

Annotations:
D:3 3 runed translucent doors, Sigmund; leviel's ghost, amateur MiFi


Innate Abilities, Weirdness & Mutations

You have a beak for a mouth.
You have claws for feet.
Your magical nature lets you fly swiftly and evasively.


Message History

Poisonous vapours surround the giant cockroach!
The giant cockroach is engulfed in poison gas.
The giant cockroach is poisoned.
You kill the giant cockroach!
The killer bee zombie closely misses you.
Your Necromancy skill increases to level 1!
You closely miss the killer bee zombie. Your kick misses the killer bee zombie.
The killer bee zombie hits you.
The killer bee zombie closely misses you.
You hit the killer bee zombie but do no damage.
Your kick misses the killer bee zombie. The killer bee zombie misses you.
The killer bee zombie hits you.
You hit the killer bee zombie.
The killer bee zombie is lightly damaged.
The killer bee zombie barely misses you.
The killer bee zombie hits you.
You barely miss the killer bee zombie. You peck the killer bee zombie.
The killer bee zombie is moderately damaged.
The killer bee zombie hits you.
* * * LOW HITPOINT WARNING * * *
The killer bee zombie misses you.
You hit the killer bee zombie.
The killer bee zombie is moderately damaged.
The killer bee zombie barely misses you.
The killer bee zombie closely misses you.
You hit the killer bee zombie. Your kick misses the killer bee zombie.
The killer bee zombie is heavily damaged.
The killer bee zombie hits you.
* * * LOW HITPOINT WARNING * * *
The killer bee zombie barely misses you.
You hit the killer bee zombie.
The killer bee zombie is heavily damaged.
The killer bee zombie hits you.
* * * LOW HITPOINT WARNING * * *
The killer bee zombie barely misses you.
The killer bee zombie closely misses you.
You hit the killer bee zombie but do no damage.
The killer bee zombie is heavily damaged.
The killer bee zombie hits you!
You die...

############# #...........#
#.#########.# #.# #.# ######
#.# #.# ZB...# #.###### #.#
####.###......# #.#
#.#........####.###########
####...[..###†.Z@....>.......#
......#...# ######.####.####.#
..##.....## #.# #.# #.#
#......>...... ..# #.# #.#
..####.##.#### #### #.####.# .
#.# .# #...##.# #.# .#
###....# #.# .# #.[### #.#
#..#


You could see a killer bee zombie.

Vanquished Creatures
  3 gnolls (D:2)
  An adder (D:3)
  4 dart slugs
  3 orcs
  4 endoplasms
  5 giant cockroaches
  7 goblins
  6 hobgoblins
  6 jackals
  10 kobolds
  A quokka (D:3)
  5 ball pythons
  9 bats
  2 frilled lizards
  11 rats
77 creatures vanquished.

Vanquished Creatures (others)
  3 plants (D:3)
3 creatures vanquished.

Grand Total: 80 creatures vanquished

Notes
Turn   | Place    | Note
-------+----------+-------------------------------------------
     0 | D:1      | experimilk the Tengu Venom Mage began the quest for the
                  | Orb.
     0 | D:1      | Reached XP level 1. HP: 10/10 MP: 4/4
   413 | D:1      | Reached XP level 2. HP: 8/16 MP: 0/6
   651 | D:1      | Learned a level 2 spell: Poisonous Vapours
   655 | D:1      | Found a faded altar of an unknown god.
  1229 | D:1      | Reached XP level 3. HP: 20/20 MP: 2/7
  1680 | D:2      | Found Tiosigg's Armour Emporium.
  1731 | D:2      | Learned a level 2 spell: Corpse Rot
  2638 | D:2      | Reached skill level 1 in Air Magic
  2638 | D:2      | Reached XP level 4. HP: 24/24 MP: 4/8
  2643 | D:2      | Reached skill level 1 in Fighting
  3151 | D:3      | Found a blossoming altar of Fedhas.
  3286 | D:3      | Noticed Sigmund
  3613 | D:3      | Reached skill level 1 in Staves
  4391 | D:3      | Gained mutation: Your magical nature lets you fly swiftly
                  | and evasively. [Tengu growth]
  4391 | D:3      | Reached XP level 5. HP: 29/29 MP: 0/9
  4618 | D:3      | Found a runed translucent gate.
  4618 | D:3      | Found a runed translucent gate.
  4619 | D:3      | Found a runed translucent gate.
  4620 | D:3      | Noticed leviel's ghost (amateur MiFi)
  4622 | D:3      | Identified the +7 dagger "Orb Guardian's Peril" {vorpal,
                  | Int+3 Dex+5}
  4622 | D:3      | Identified the +3 leather armour "Xiub" {rPois rC+ Will-
                  | Dex+6}
  4858 | D:4      | Learned a level 3 spell: Mephitic Cloud
  5040 | D:4      | Reached skill level 1 in Necromancy
  5047 | D:4      | Slain by a killer bee zombie

Illustrated notes

Levels and vault maps discovered:
D:1:      nzn_arrival_settlement, layout_basic, ebering_ecumenical_altar_webs
D:2:      layout_basic, serial_shops, shop
D:3:      layout_basic, nicolae_overflow_crystal_walls,
          nicolae_overflow_hidden_temple, biasface_ghost_orc_armoury,
          serial_bayou_pond_b, minmay_goblin_kobold_house, uniq_sigmund
D:4:      layout_loops_ring, minmay_misc_feat_chi

Skill      XL: |  1  2  3  4  5 |
---------------+----------------+-----
Air Magic      | 1 |  1.8
Fighting       | 1 |  1.2
Staves         | 1 |  1.0
Necromancy     | 1 |  1.0
Dodging        | |  2.6
Stealth        | |  2.5
Spellcasting   | |  2.4
Transmutations | |  0.9
Poison Magic   | |  3.9

Action                   |  1- 3 |  4- 6 || total
-------------------------+-------+-------++-------
Melee: Mace              |     8 |       ||     8
       Peck              |     6 |     5 ||    11
       Kick              |     7 |     7 ||    14
       Staff             |    31 |    49 ||    80
       Whip              |     2 |       ||     2
 Cast: Sting             |    34 |    16 ||    50
       Poisonous Vapours |    20 |    22 ||    42
       Corpse Rot        |       |     2 ||     2
  Use: Scroll            |     2 |     2 ||     4
       Potion            |       |     1 ||     1
 Stab: Sleeping          |     2 |     1 ||     3
Armor: Robe              |     7 |    10 ||    17
Dodge: Dodged            |    40 |    45 ||    85

Table legend: (Time is in decaauts)
 A = Elapsed time spent in this place.
 B = Non-inter-level travel time spent in this place.
 C = Inter-level travel time spent in this place.
 D = Time resting spent in this place.
 E = Time spent auto-exploring this place.
 F = Levels seen in this place.
 G = Mean time per level.
                   A        B        C        D        E       F      G
               +--------+--------+--------+--------+--------+-----+--------+
         Total |   5042 |   4872 |    170 |   2324 |    733 |   4 | 1260.5 |
       Dungeon |   5042 |   4872 |    170 |   2324 |    733 |   4 | 1260.5 |
               +--------+--------+--------+--------+--------+-----+--------+

Top non-repeatable levels by time:
     D:1: 1668 daAuts
     D:2: 1628 daAuts
     D:3: 1518 daAuts
     D:4: 227 daAuts
